[Event "IM Marmaris Karia IX 2019"]
[Site "Marmaris"]
[Date "2019.08.23"]
[Round "1.2"]
[White "Karaoglan, Doruk"]
[Black "Annageldyev, Orazly"]
[Result "1/2-1/2"]
[ECO "B24"]
[WhiteElo "2246"]
[BlackElo "2342"]
[Annotator "NA"]
[PlyCount "122"]
[EventDate "2019.08.24"]
[EventType "schev"]
[EventCountry "TUR"]
[SourceTitle "playchess.com"]
[Source "ChessBase"]
[SourceQuality "1"]
[TimeControl "5400+30"]

1. e4 c5 2. Nc3 e6 3. g3 Nc6 4. Bg2 Nf6 5. d3 d5 6. exd5 Nxd5 7. Nxd5 exd5 8. Ne2 $11 Be7 9. Nf4 d4 10. Bxc6+ bxc6 11. O-O O-O 12. Qf3 Qd6 13. Re1 Bd7 14. b3 Rae8 15. a4 Qf6 16. Qh5 g6 17. Qh6 Qf5 18. Ng2 Be6 19. Qf4 Qd5 20. Qe4 Qxe4 21. Rxe4 Bd5 22. Re1 g5 23. Ba3 Bd6 24. Rxe8 Rxe8 25. Re1 Rxe1+ 26. Nxe1 Kg7 27. Kf1 Kf6 28. Ke2 g4 29. f4 Ke6 30. Kf2 h5 31. Ke2 Kf5 32. Kf2 h4 33. Ng2 h3 34. Ne1 Ke6 35. Kg1 Be7 36. Kf2 Kd6 37. Bc1 Bd8 38. Bd2 f5 39. Ke2 Kd7 40. Kf2 Kc8 41. Bc1 Kd7 42. Bd2 Kd6 43. Ke2 Bb6 44. Kf2 Kd7 45. Ke2 Kc8 46. Bc1 Kc7 47. Kf1 Ba5 48. Ke2 Kb6 49. Kf2 Bc3 50. Ke2 Be6 51. Ba3 Bc8 52. Kd1 Be6 53. Ke2 Bd5 54. Bc1 Bb4 55. Kf2 Be6 56. Ke2 Bc8 57. Kd1 Ba6 58. Ke2 Bb5 59. axb5 cxb5 60. c4 Bxe1 61. Kxe1 b4 1/2-1/2

[Event "IM Marmaris Karia IX 2019"]
[Site "Marmaris"]
[Date "2019.08.23"]
[Round "1.4"]
[White "Oney, Feridun"]
[Black "Guseynov, Alihan"]
[Result "0-1"]
[ECO "A05"]
[WhiteElo "2054"]
[BlackElo "2314"]
[Annotator "ChessBase"]
[PlyCount "92"]
[EventDate "2019.08.24"]
[EventType "schev"]
[EventCountry "TUR"]
[SourceTitle "playchess.com"]
[Source "ChessBase"]
[SourceQuality "1"]
[TimeControl "5400+30"]

1. Nf3 c5 2. g3 Nc6 3. Bg2 g6 4. O-O Bg7 5. e4 Nf6 6. Re1 O-O 7. d3 d6 8. c3 Rb8 9. h3 Nd7 10. Nbd2 b5 11. Nf1 b4 12. c4 Nde5 13. Nh4 Nd4 14. f4 Nec6 15. Ne3 b3 16. a3 Nc2 17. Nxc2 bxc2 18. Qxc2 Nd4 19. Qd1 Nb3 20. Rb1 Nxc1 21. Qxc1 Rb3 22. Qc2 Qb6 23. e5 dxe5 24. fxe5 Rd8 25. Bf1 Be6 26. Nf3 Bf5 27. Nd2 Rbxd3 28. Bxd3 Rxd3 29. Ne4 Rxg3+ 30. Kf2 Bxe5 31. Re3 Rxe3 32. Kxe3 Qe6 33. Rd1 Bd4+ 34. Rxd4 cxd4+ 35. Kxd4 f6 36. c5 Qe5+ 37. Ke3 Bxe4 38. Qxe4 Qxc5+ 39. Qd4 Qxd4+ 40. Kxd4 e5+ 41. Kd5 Kf7 42. b4 Ke7 43. b5 Kd7 44. a4 g5 45. a5 Kc7 46. Ke4 Kd6 0-1

[Event "IM Marmaris Karia IX 2019"]
[Site "Marmaris"]
[Date "2019.08.23"]
[Round "1.5"]
[White "Kirilmaz, Emre"]
[Black "Datuashvili, Nona"]
[Result "1-0"]
[ECO "D00"]
[WhiteElo "2044"]
[BlackElo "2083"]
[Annotator "NA"]
[PlyCount "69"]
[EventDate "2019.08.24"]
[EventType "schev"]
[EventCountry "TUR"]
[SourceTitle "playchess.com"]
[Source "ChessBase"]
[SourceQuality "1"]
[TimeControl "5400+30"]

1. d4 d5 2. c3 Nf6 3. Bg5 Ne4 4. Bf4 g6 5. Nd2 Nxd2 6. Qxd2 Bg7 7. Bh6 Bxh6 8. Qxh6 $14 Qd6 9. Qg7 Rf8 10. Qxh7 Qb6 11. O-O-O Qf6 12. Qh6 Qxf2 13. Nf3 Bf5 14. Rd2 Nd7 15. e3 Qxd2+ 16. Kxd2 Nf6 17. Bd3 O-O-O 18. Qf4 e6 19. Rc1 Rh8 20. h4 Rh5 21. c4 c6 22. Ne5 Rh7 23. g4 Rxh4 24. Qg3 Rdh8 25. gxf5 Rh2+ 26. Kc3 dxc4 27. Nxc4 R8h3 28. Qd6 Nd5+ 29. Kb3 gxf5 30. Qf8+ Kd7 31. Ne5+ Kc7 32. Qxf7+ Kb6 33. Nc4+ Ka6 34. Nd6+ Ka5 35. Rc5+ 1-0

[Event "IM Marmaris Karia IX 2019"]
[Site "Marmaris"]
[Date "2019.08.24"]
[Round "2.1"]
[White "Annageldyev, Orazly"]
[Black "Tanriverdi, Enes"]
[Result "0-1"]
[ECO "E59"]
[WhiteElo "2342"]
[BlackElo "2355"]
[Annotator "NA"]
[PlyCount "60"]
[EventDate "2019.08.24"]
[EventType "schev"]
[EventCountry "TUR"]
[SourceTitle "playchess.com"]
[Source "ChessBase"]
[SourceQuality "1"]
[TimeControl "5400+30"]

1. d4 Nf6 2. Nf3 e6 3. c4 d5 4. Nc3 Bb4 5. e3 O-O 6. Bd3 c5 7. O-O Nc6 8. a3 Bxc3 9. bxc3 dxc4 10. Bxc4 Qc7 11. Qe2 e5 12. h3 Re8 13. Bb2 h6 14. a4 a6 15. Ba2 Bf5 16. d5 Nb8 17. c4 Nbd7 18. Bb1 e4 19. Ne1 Ne5 20. f4 exf3 21. Nxf3 Nxf3+ 22. Qxf3 Bxb1 23. Bxf6 Be4 24. Qg4 Bg6 25. Bb2 Rxe3 26. Rae1 Rae8 27. Rxe3 Rxe3 28. Rd1 Qd6 29. Qc8+ Kh7 30. Qxb7 Qg3 0-1

[Event "IM Marmaris Karia IX 2019"]
[Site "Marmaris"]
[Date "2019.08.24"]
[Round "2.2"]
[White "Papenin, Nikolai"]
[Black "Karaoglan, Doruk"]
[Result "0-1"]
[ECO "E70"]
[WhiteElo "2319"]
[BlackElo "2246"]
[Annotator "NA"]
[PlyCount "66"]
[EventDate "2019.08.24"]
[EventType "schev"]
[EventCountry "TUR"]
[SourceTitle "playchess.com"]
[Source "ChessBase"]
[SourceQuality "1"]
[TimeControl "5400+30"]

1. d4 Nf6 2. c4 g6 3. Nc3 Bg7 4. e4 d6 5. Bd3 O-O 6. Nge2 Nc6 7. O-O e5 8. d5 Nd4 9. Nxd4 exd4 10. Ne2 Re8 11. f3 Nd7 12. Rb1 a5 13. Bc2 Qf6 14. b3 c5 15. a4 Qh4 16. Bd2 Ne5 17. Be1 Qh6 18. Kh1 f5 19. Bg3 Rf8 20. Nf4 g5 21. Nd3 f4 22. Be1 g4 23. Qe2 g3 24. h3 Rf6 25. Nxe5 dxe5 26. Kg1 Qh4 27. Bd3 Rh6 28. Rb2 Raa6 29. Bd2 Rag6 30. Be1 Qh5 31. Bxa5 Bxh3 32. gxh3 g2 33. Qxg2 Qxh3 0-1

[Event "IM Marmaris Karia IX 2019"]
[Site "Marmaris"]
[Date "2019.08.24"]
[Round "2.3"]
[White "Guseynov, Alihan"]
[Black "Kizilkus, Akin"]
[Result "1/2-1/2"]
[ECO "A16"]
[WhiteElo "2314"]
[BlackElo "2135"]
[Annotator "NA"]
[PlyCount "86"]
[EventDate "2019.08.24"]
[EventType "schev"]
[EventCountry "TUR"]
[SourceTitle "playchess.com"]
[Source "ChessBase"]
[SourceQuality "1"]
[TimeControl "5400+30"]

1. c4 Nf6 2. Nc3 g6 3. g3 d5 4. cxd5 Nxd5 5. Bg2 Nb6 6. d3 Bg7 7. Be3 O-O 8. Qd2 N8d7 9. Bh6 Nf6 10. Nf3 Re8 11. Bxg7 Kxg7 12. d4 c6 13. O-O Bf5 14. Ne5 Nfd7 15. f4 f6 16. e4 fxe5 17. exf5 exd4 18. Qxd4+ Nf6 19. Qxd8 Raxd8 20. fxg6 hxg6 21. Rae1 Rd2 22. Rf2 Rxf2 23. Kxf2 e5 24. Bf3 exf4 25. gxf4 Rxe1 26. Kxe1 Nbd5 27. Nxd5 Nxd5 28. Bxd5 cxd5 29. Ke2 Kf6 30. Ke3 Kf5 31. b4 d4+ 32. Kxd4 Kxf4 33. Kd5 Kg4 34. Ke5 Kh3 35. Kf6 Kxh2 36. Kxg6 Kg3 37. Kf5 Kf3 38. Ke5 Ke3 39. Kd6 Kd4 40. Kc7 Kc4 41. Kxb7 Kxb4 42. Kxa7 Ka3 43. Kb6 Kxa2 1/2-1/2

[Event "IM Marmaris Karia IX 2019"]
[Site "Marmaris"]
[Date "2019.08.24"]
[Round "2.4"]
[White "Datuashvili, Nona"]
[Black "Oney, Feridun"]
[Result "1-0"]
[ECO "B15"]
[WhiteElo "2083"]
[BlackElo "2054"]
[Annotator "NA"]
[PlyCount "99"]
[EventDate "2019.08.24"]
[EventType "schev"]
[EventCountry "TUR"]
[SourceTitle "playchess.com"]
[Source "ChessBase"]
[SourceQuality "1"]
[TimeControl "5400+30"]

1. e4 c6 2. d4 g6 3. Nc3 d5 4. exd5 cxd5 5. Nf3 Nf6 6. Bf4 a6 7. Qd2 h6 8. Bd3 Nc6 9. Ne5 Bf5 10. Bxf5 gxf5 11. f3 Rc8 12. a3 e6 13. Na4 Nxe5 14. Bxe5 Rg8 15. O-O Nd7 16. Bf4 h5 17. b4 Nb6 18. Nc5 Nc4 19. Qe2 b6 20. Nxa6 Qh4 21. Be5 f4 22. c3 f6 23. Bxf4 Kf7 24. Bg3 Rxg3 25. hxg3 Qxg3 26. Rfe1 e5 27. dxe5 Nxe5 28. f4 Ng4 29. Qf3 Qh2+ 30. Kf1 Bd6 31. Qxd5+ Kg7 32. Qb7+ Rc7 33. Qf3 Bxf4 34. Nxc7 Bxc7 35. Re7+ Kg6 36. Rxc7 Qxc7 37. Ke2 Ne5 38. Qe4+ f5 39. Qd4 Ng4 40. Rf1 Qc6 41. Rf3 Qe6+ 42. Kd2 Qa2+ 43. Kd3 Qxg2 44. Qd6+ Kg5 45. Qe7+ Kg6 46. Qe6+ Kg5 47. Rxf5+ Kh4 48. Qe7+ Kg3 49. Qe1+ Nf2+ 50. Kd2 1-0

[Event "IM Marmaris Karia IX 2019"]
[Site "Marmaris"]
[Date "2019.08.24"]
[Round "2.5"]
[White "Benidze, Davit"]
[Black "Kirilmaz, Emre"]
[Result "1-0"]
[ECO "A07"]
[WhiteElo "2440"]
[BlackElo "2044"]
[Annotator "NA"]
[PlyCount "129"]
[EventDate "2019.08.24"]
[EventType "schev"]
[EventCountry "TUR"]
[SourceTitle "playchess.com"]
[Source "ChessBase"]
[SourceQuality "1"]
[TimeControl "5400+30"]

1. Nf3 d5 2. g3 c6 3. Bg2 Bg4 4. Ne5 Bf5 5. c4 e6 6. O-O Nd7 7. Nxd7 Qxd7 8. d3 Nf6 9. Nd2 Bc5 10. cxd5 exd5 11. e4 dxe4 12. dxe4 Bh3 13. Qc2 Bxg2 14. Kxg2 Bb6 15. Nc4 O-O 16. Nxb6 axb6 17. f3 Qe6 18. b3 Rfd8 19. Be3 b5 20. Rad1 h5 21. h3 h4 22. g4 Qe5 23. Qf2 g5 24. Rfe1 Nh7 25. Bd4 Qe6 26. Ba1 f6 27. e5 Rxd1 28. Rxd1 fxe5 29. Re1 Qg6 30. Rxe5 Qb1 31. Bb2 Rxa2 32. Re2 Qd3 33. Rd2 Qxb3 34. Qd4 Rxb2 35. Rxb2 Qf7 36. Re2 Nf8 37. Qe5 Qg7 38. Qc5 Qf6 39. Qe7 Qxe7 40. Rxe7 Ng6 41. Rxb7 Ne5 42. Re7 Nd3 43. Re3 Nf4+ 44. Kh2 b4 45. Re5 Nd3 46. Re3 Nc5 47. Re8+ Kf7 48. Rc8 b3 49. Rxc6 Na4 50. f4 gxf4 51. Kg2 b2 52. Rc7+ Ke6 53. Rb7 Kd5 54. g5 Ke6 55. Kf3 Kf5 56. Rb5+ Kg6 57. Kxf4 Kh5 58. Kf5 Nc3 59. Rxb2 Nd5 60. g6 Ne7+ 61. Kf6 Nxg6 62. Rb8 Kh6 63. Rg8 Kh5 64. Rg7 Nf8 65. Rf7 1-0

[Event "IM Marmaris Karia IX 2019"]
[Site "Marmaris"]
[Date "2019.08.24"]
[Round "3.1"]
[White "Tanriverdi, Enes"]
[Black "Papenin, Nikolai"]
[Result "1-0"]
[ECO "E73"]
[WhiteElo "2355"]
[BlackElo "2319"]
[Annotator "ChessBase"]
[PlyCount "49"]
[EventDate "2019.08.24"]
[EventType "schev"]
[EventCountry "TUR"]
[SourceTitle "playchess.com"]
[Source "ChessBase"]
[SourceQuality "1"]
[TimeControl "5400+30"]

1. d4 Nf6 2. c4 c5 3. d5 e5 4. Nc3 d6 5. e4 g6 6. Be2 Bg7 7. h4 O-O 8. h5 Nbd7 9. hxg6 hxg6 10. Bg5 b5 11. cxb5 a6 12. Nf3 axb5 13. Bxb5 Qa5 14. Nd2 Ba6 15. Nc4 Qc7 16. Bxa6 Rxa6 17. Qf3 Rb8 18. Rc1 Nh5 19. b3 Rb4 20. a4 Rb7 21. Nb5 Qb8 22. g3 Ndf6 23. Kf1 Qd8 24. Rxh5 gxh5 25. Kg2 1-0

[Event "IM Marmaris Karia IX 2019"]
[Site "Marmaris"]
[Date "2019.08.24"]
[Round "3.2"]
[White "Karaoglan, Doruk"]
[Black "Guseynov, Alihan"]
[Result "1/2-1/2"]
[ECO "B25"]
[WhiteElo "2246"]
[BlackElo "2314"]
[Annotator "ChessBase"]
[PlyCount "67"]
[EventDate "2019.08.24"]
[EventType "schev"]
[EventCountry "TUR"]
[SourceTitle "playchess.com"]
[Source "ChessBase"]
[SourceQuality "1"]
[TimeControl "5400+30"]

1. e4 c5 2. Nc3 Nc6 3. g3 g6 4. Bg2 Bg7 5. d3 d6 6. f4 e6 7. Nf3 Nge7 8. O-O O-O 9. Be3 b6 10. Bf2 Qd7 11. Qd2 Bb7 12. Rae1 Rae8 13. Nd1 f5 14. exf5 gxf5 15. d4 Nxd4 16. Nxd4 Bxg2 17. Kxg2 cxd4 18. Bxd4 e5 19. Be3 Qc6+ 20. Kg1 Nd5 21. c3 Re6 22. Qg2 Qc4 23. b3 Qd3 24. Qd2 e4 25. Qxd3 exd3 26. Bd2 Re2 27. Rf2 Rxe1+ 28. Bxe1 Rc8 29. Rf3 Nxc3 30. Bxc3 Bxc3 31. Rxd3 Bb4 32. Ne3 Bc5 33. Kf2 Kf7 34. Kf3 1/2-1/2

[Event "IM Marmaris Karia IX 2019"]
[Site "Marmaris"]
[Date "2019.08.24"]
[Round "3.3"]
[White "Kizilkus, Akin"]
[Black "Datuashvili, Nona"]
[Result "1-0"]
[ECO "A84"]
[WhiteElo "2135"]
[BlackElo "2083"]
[Annotator "ChessBase"]
[PlyCount "46"]
[EventDate "2019.08.24"]
[EventType "schev"]
[EventCountry "TUR"]
[SourceTitle "playchess.com"]
[Source "ChessBase"]
[SourceQuality "1"]
[TimeControl "5400+30"]

1. d4 d5 2. c4 e6 3. Nc3 c6 4. e3 f5 5. Bd3 Nf6 6. Nge2 Bd6 7. Qc2 Ne4 8. O-O Qh4 9. g3 Qh3 10. f3 Nf6 11. e4 e5 12. cxd5 O-O 13. exf5 exd4 14. Ne4 Nxe4 15. fxe4 cxd5 16. Qb3 Kh8 17. Qxd5 Bc7 18. Bf4 Rd8 19. Qf7 Bxf4 20. Nxf4 Qh6 21. e5 Nc6 22. Rae1 Bd7 23. e6 Be8 1-0

[Event "IM Marmaris Karia IX 2019"]
[Site "Marmaris"]
[Date "2019.08.24"]
[Round "3.4"]
[White "Oney, Feridun"]
[Black "Benidze, Davit"]
[Result "0-1"]
[ECO "B06"]
[WhiteElo "2054"]
[BlackElo "2440"]
[Annotator "ChessBase"]
[PlyCount "117"]
[EventDate "2019.08.24"]
[EventType "schev"]
[EventCountry "TUR"]
[SourceTitle "playchess.com"]
[Source "ChessBase"]
[SourceQuality "1"]
[TimeControl "5400+30"]

1. Nf3 g6 2. d4 Bg7 3. e4 c6 4. h3 d5 5. exd5 cxd5 6. c3 Nh6 7. Bf4 O-O 8. Be2 f6 9. O-O Nf7 10. Bg3 e5 11. dxe5 fxe5 12. Qb3 b6 13. a4 Nc6 14. Bb5 Na5 15. Qa2 a6 16. Be2 Nc6 17. Rd1 Be6 18. Nbd2 Qf6 19. Nf1 Kh8 20. Qb3 e4 21. Nd4 Nxd4 22. cxd4 h5 23. Ne3 h4 24. Bh2 Nh6 25. Rf1 Qxd4 26. Rad1 Qf6 27. Qxb6 d4 28. Ng4 Nxg4 29. Bxg4 Bxg4 30. Qxf6 Bxf6 31. hxg4 d3 32. b4 Bd4 33. Bd6 Rfe8 34. Bc5 Rad8 35. Rfe1 Kg7 36. Bxd4+ Rxd4 37. b5 a5 38. Re3 Rc8 39. f3 d2 40. Kf1 exf3 41. Rxf3 Rcd8 42. Rb3 Rxa4 43. Rb2 Rf4+ 44. Kg1 Rb4 45. Rbxd2 Rxd2 46. Rxd2 Rxb5 47. Rd6 g5 48. Ra6 Kf7 49. g3 hxg3 50. Kg2 Ke7 51. Kxg3 Kd7 52. Rf6 Kc7 53. Kf2 Kb7 54. Ke2 a4 55. Kd2 Ra5 56. Kc2 Rc5+ 57. Kb2 Rc4 58. Ka3 Rxg4 59. Rd6 0-1

[Event "IM Marmaris Karia IX 2019"]
[Site "Marmaris"]
[Date "2019.08.24"]
[Round "3.5"]
[White "Kirilmaz, Emre"]
[Black "Annageldyev, Orazly"]
[Result "0-1"]
[ECO "D00"]
[WhiteElo "2044"]
[BlackElo "2342"]
[Annotator "ChessBase"]
[PlyCount "142"]
[EventDate "2019.08.24"]
[EventType "schev"]
[EventCountry "TUR"]
[SourceTitle "playchess.com"]
[Source "ChessBase"]
[SourceQuality "1"]
[TimeControl "5400+30"]

1. d4 d5 2. c3 Bf5 3. Qb3 b6 4. Bg5 h6 5. Bh4 Nf6 6. Nf3 e6 7. Nbd2 Be7 8. Ne5 O-O 9. e3 Ne4 10. Bxe7 Qxe7 11. Nxe4 Bxe4 12. Bd3 Bxd3 13. Nxd3 c5 14. Nf4 Nd7 15. O-O Rfd8 16. Rae1 Nf6 17. Qd1 Rac8 18. Nd3 c4 19. Ne5 b5 20. a3 a5 21. g4 b4 22. axb4 axb4 23. f4 bxc3 24. g5 cxb2 25. gxf6 Qxf6 26. Qc2 c3 27. f5 Rc7 28. Nd3 Rb8 29. Nc5 exf5 30. Qxc3 Qg6+ 31. Kh1 f4 32. Qd3 Qxd3 33. Nxd3 fxe3 34. Rb1 Rc2 35. Rfe1 g5 36. Ne5 f5 37. h4 Kg7 38. Rg1 g4 39. Nd3 Rd2 40. Nf4 Rb5 41. Rge1 Rc2 42. Ng2 e2 43. Ne3 Rd2 44. Nxf5+ Kg6 45. Ne3 Rb3 46. Nxd5 Rd1 47. Nf4+ Kf5 48. Ng2 g3 49. Kg1 Kg4 50. d5 Kf3 51. h5 Rxd5 52. Nh4+ Ke3 53. Ng2+ Kd2 54. Nf4 Re5 55. Kg2 Re4 56. Nd5 Rc4 57. Nf6 Rc1 58. Ne4+ Kc2 59. Rxb2+ Kxb2 60. Rxe2+ Rc2 61. Rxc2+ Kxc2 62. Nxg3 Rb5 63. Kf3 Kd3 64. Kf4 Rg5 65. Kf3 Kd4 66. Kf4 Kd5 67. Ne4 Re5 68. Nf6+ Ke6 69. Ne8 Rf5+ 70. Kg4 Rf7 71. Kh4 Re7 0-1

[Event "IM Marmaris Karia IX 2019"]
[Site "Marmaris"]
[Date "2019.08.24"]
[Round "4.1"]
[White "Guseynov, Alihan"]
[Black "Tanriverdi, Enes"]
[Result "1/2-1/2"]
[ECO "E18"]
[WhiteElo "2314"]
[BlackElo "2355"]
[Annotator "ChessBase"]
[PlyCount "52"]
[EventDate "2019.08.24"]
[EventType "schev"]
[EventCountry "TUR"]
[SourceTitle "playchess.com"]
[Source "ChessBase"]
[SourceQuality "1"]
[TimeControl "5400+30"]

1. d4 Nf6 2. Nf3 e6 3. g3 b6 4. Bg2 Bb7 5. O-O Be7 6. c4 O-O 7. Nc3 Ne4 8. Nxe4 Bxe4 9. Ne1 Bxg2 10. Nxg2 d5 11. Qc2 Nc6 12. Rd1 Nb4 13. Qb3 dxc4 14. Qxc4 c5 15. Be3 Qd5 16. Qxd5 Nxd5 17. dxc5 Nxe3 18. Nxe3 Bxc5 19. Rd7 f5 20. Rad1 Rf7 21. Rd8+ Rxd8 22. Rxd8+ Rf8 23. Rd7 Rf7 24. Rd8+ Rf8 25. Rd7 Rf7 26. Rd8+ Bf8 1/2-1/2

[Event "IM Marmaris Karia IX 2019"]
[Site "Marmaris"]
[Date "2019.08.24"]
[Round "4.2"]
[White "Datuashvili, Nona"]
[Black "Karaoglan, Doruk"]
[Result "0-1"]
[ECO "B22"]
[WhiteElo "2083"]
[BlackElo "2246"]
[Annotator "NA"]
[PlyCount "58"]
[EventDate "2019.08.24"]
[EventType "schev"]
[EventCountry "TUR"]
[SourceTitle "playchess.com"]
[Source "ChessBase"]
[SourceQuality "1"]
[TimeControl "5400+30"]

1. e4 c5 2. c3 Nf6 3. e5 Nd5 4. d4 cxd4 5. cxd4 e6 6. Nf3 b6 7. Bd3 Bb4+ 8. Bd2 Bxd2+ 9. Nbxd2 Nf4 10. Be4 Ba6 11. Nc4 Bxc4 12. Bxa8 Nc6 13. Bxc6 dxc6 14. Rg1 Qd5 15. Qd2 Qe4+ 16. Kd1 Be2+ 17. Kc1 Nd3+ 18. Kc2 Nb4+ 19. Kc3 Nd5+ 20. Kb3 b5 21. Rae1 Bc4+ 22. Ka3 b4+ 23. Ka4 Qg6 24. g4 a5 25. a3 Nb6+ 26. Kxa5 Nd5 27. Qc1 Kd7 28. Qxc4 Ra8+ 29. Qa6 Qd3 0-1

[Event "IM Marmaris Karia IX 2019"]
[Site "Marmaris"]
[Date "2019.08.24"]
[Round "4.3"]
[White "Benidze, Davit"]
[Black "Kizilkus, Akin"]
[Result "1-0"]
[ECO "A45"]
[WhiteElo "2440"]
[BlackElo "2135"]
[Annotator "NA"]
[PlyCount "97"]
[EventDate "2019.08.24"]
[EventType "schev"]
[EventCountry "TUR"]
[SourceTitle "playchess.com"]
[Source "ChessBase"]
[SourceQuality "1"]
[TimeControl "5400+30"]

1. d4 Nf6 2. Nc3 d5 3. Bf4 g6 4. Qd2 Bg7 5. O-O-O O-O 6. Bh6 c5 7. Bxg7 Kxg7 8. dxc5 Qa5 9. Nf3 $15 Qxc5 10. h4 h5 11. Qg5 Nc6 12. e4 Ng4 13. exd5 Nxf2 14. dxc6 Qxg5+ 15. Nxg5 Nxh1 16. cxb7 Bxb7 17. Rd7 Bc6 18. Rc7 Ng3 19. Bd3 Bxg2 20. Rxe7 Rae8 21. Rxa7 Bf1 22. Bxf1 Nxf1 23. Nce4 Ra8 24. Rd7 Rxa2 25. Kb1 Ra4 26. b3 Rb4 27. Ne6+ Kh8 28. Nxf8 Rxe4 29. Rxf7 Re1+ 30. Kb2 Kg8 31. Rf4 g5 32. hxg5 h4 33. Rxh4 Kxf8 34. Rh1 Kg7 35. b4 Kg6 36. Rg1 Re4 37. Rxf1 Rxb4+ 38. Ka3 Rc4 39. Kb3 Rc8 40. Rg1 Rb8+ 41. Kc3 Rc8+ 42. Kd3 Rd8+ 43. Ke4 Re8+ 44. Kd5 Rd8+ 45. Ke5 Rc8 46. Rc1 Rc3 47. Kd4 Rc8 48. c4 Kxg5 49. Ke4 1-0

[Event "IM Marmaris Karia IX 2019"]
[Site "Marmaris"]
[Date "2019.08.24"]
[Round "4.4"]
[White "Annageldyev, Orazly"]
[Black "Oney, Feridun"]
[Result "1-0"]
[ECO "A35"]
[WhiteElo "2342"]
[BlackElo "2054"]
[Annotator "NA"]
[PlyCount "73"]
[EventDate "2019.08.24"]
[EventType "schev"]
[EventCountry "TUR"]
[SourceTitle "playchess.com"]
[Source "ChessBase"]
[SourceQuality "1"]
[TimeControl "5400+30"]

1. e4 c5 2. Nf3 Nc6 3. c3 d6 4. d4 Nf6 5. d5 Nb8 6. h3 g6 7. Bd3 Bg7 8. c4 O-O 9. Nc3 e5 10. g4 a6 11. a4 b6 12. Bg5 h6 13. Be3 Kh8 14. Qd2 Ng8 15. g5 Kh7 16. O-O-O h5 17. Rdg1 b5 18. Nh4 bxc4 19. Be2 Qa5 20. Bxh5 Ne7 21. Bd1 Nd7 22. Nf3 Rh8 23. h4 Kg8 24. Nh2 Nf8 25. Ng4 Bxg4 26. Bxg4 Rb8 27. Rh3 Rh7 28. Rgh1 Rh8 29. Qc2 Qb4 30. Bd2 Qb3 31. Nb1 Qb7 32. Na3 c3 33. Bxc3 Nxd5 34. exd5 Qxd5 35. Rd1 Qg2 36. f3 Qxc2+ 37. Kxc2 1-0

[Event "IM Marmaris Karia IX 2019"]
[Site "Marmaris"]
[Date "2019.08.24"]
[Round "4.5"]
[White "Papenin, Nikolai"]
[Black "Kirilmaz, Emre"]
[Result "1-0"]
[ECO "D37"]
[WhiteElo "2319"]
[BlackElo "2044"]
[Annotator "NA"]
[PlyCount "63"]
[EventDate "2019.08.24"]
[EventType "schev"]
[EventCountry "TUR"]
[SourceTitle "playchess.com"]
[Source "ChessBase"]
[SourceQuality "1"]
[TimeControl "5400+30"]

1. d4 d5 2. c4 e6 3. Nc3 Nf6 4. Nf3 Be7 5. Bf4 O-O 6. e3 Nbd7 7. c5 Nh5 8. Bd3 Nxf4 9. exf4 c6 10. O-O b6 11. b4 a5 12. a3 Ba6 13. Bxa6 Rxa6 14. Qe2 b5 15. Rfb1 Qc7 16. f5 e5 17. dxe5 Re8 18. e6 Bf6 19. Nxd5 cxd5 20. Qxb5 Raa8 21. Qxd7 Qxd7 22. exd7 Reb8 23. c6 Bd8 24. b5 a4 25. Ra2 Kf8 26. Rd2 Ba5 27. Rxd5 Ke7 28. g4 Ra6 29. d8=Q+ Bxd8 30. Re1+ Kf6 31. bxa6 Be7 32. g5# 1-0

[Event "IM Marmaris Karia IX 2019"]
[Site "Marmaris"]
[Date "2019.08.24"]
[Round "5.1"]
[White "Tanriverdi, Enes"]
[Black "Datuashvili, Nona"]
[Result "0-1"]
[ECO "E11"]
[WhiteElo "2355"]
[BlackElo "2083"]
[Annotator "ChessBase"]
[PlyCount "88"]
[EventDate "2019.08.24"]
[EventType "schev"]
[EventCountry "TUR"]
[SourceTitle "playchess.com"]
[Source "ChessBase"]
[SourceQuality "1"]
[TimeControl "5400+30"]

1. d4 Nf6 2. c4 e6 3. Nf3 Bb4+ 4. Bd2 Bxd2+ 5. Qxd2 b6 6. Nc3 Bb7 7. d5 exd5 8. cxd5 d6 9. g3 Nbd7 10. Bg2 O-O 11. O-O Re8 12. Nd4 Ne5 13. b3 a5 14. f4 Neg4 15. e4 Nd7 16. h3 Ngf6 17. g4 h6 18. Rfe1 Nf8 19. Re3 Ng6 20. Rf1 Qd7 21. Nf5 Ne7 22. e5 Nxf5 23. gxf5 Qe7 24. Rfe1 dxe5 25. fxe5 Nh5 26. d6 Qg5 27. h4 Qg4 28. Qe2 Qxe2 29. R1xe2 Bxg2 30. d7 Re7 31. Rxg2 Rxd7 32. e6 Rd4 33. Nb5 Rd1+ 34. Kh2 Nf6 35. Reg3 Nh5 36. Rc3 fxe6 37. fxe6 Nf4 38. Nxc7 Rc8 39. Rgc2 Re1 40. Rc6 Rd8 41. Rf2 g5 42. Rxb6 Rd3 43. Rb8+ Kh7 44. Rxf4 gxf4 0-1

[Event "IM Marmaris Karia IX 2019"]
[Site "Marmaris"]
[Date "2019.08.24"]
[Round "6.1"]
[White "Benidze, Davit"]
[Black "Tanriverdi, Enes"]
[Result "0-1"]
[ECO "E81"]
[WhiteElo "2440"]
[BlackElo "2355"]
[Annotator "ChessBase"]
[PlyCount "68"]
[EventDate "2019.08.24"]
[EventType "schev"]
[EventCountry "TUR"]
[SourceTitle "playchess.com"]
[Source "ChessBase"]
[SourceQuality "1"]
[TimeControl "5400+30"]

1. d4 Nf6 2. c4 g6 3. Nc3 Bg7 4. e4 d6 5. f3 O-O 6. Be3 c5 7. Nge2 Nc6 8. d5 Na5 9. Ng3 e6 10. Be2 a6 11. O-O exd5 12. cxd5 b5 13. e5 Nd7 14. f4 f5 15. exf6 Nxf6 16. f5 b4 17. Na4 Bd7 18. Bf4 Bxf5 19. Nxf5 gxf5 20. Bd3 Nxd5 21. Bc4 Bd4+ 22. Qxd4 cxd4 23. Bxd5+ Kg7 24. Bxa8 Qxa8 25. b3 Re8 26. Rf2 d3 27. Nb2 Qe4 28. Rd1 Nc6 29. Rxd3 Nd4 30. Re3 Qc6 31. Nc4 Rxe3 32. Bxe3 Qe4 33. h3 f4 34. Bd2 f3 0-1

[Event "IM Marmaris Karia IX 2019"]
[Site "Marmaris"]
[Date "2019.08.24"]
[Round "6.2"]
[White "Annageldyev, Orazly"]
[Black "Karaoglan, Doruk"]
[Result "1-0"]
[ECO "A48"]
[WhiteElo "2342"]
[BlackElo "2246"]
[Annotator "NA"]
[PlyCount "79"]
[EventDate "2019.08.24"]
[EventType "schev"]
[EventCountry "TUR"]
[SourceTitle "playchess.com"]
[Source "ChessBase"]
[SourceQuality "1"]
[TimeControl "5400+30"]

1. d4 Nf6 2. Nf3 g6 3. Bg5 Bg7 4. Nbd2 h6 5. Bh4 d6 6. e4 g5 7. Bg3 Nh5 8. c3 Nd7 9. d5 Nxg3 10. hxg3 c5 11. Nc4 O-O 12. Bd3 Nb6 13. Ne3 e6 14. g4 exd5 15. exd5 Re8 16. O-O Rxe3 17. fxe3 Bxg4 18. Bc2 Bh5 19. Qd3 Bg6 20. Qe2 g4 21. Bxg6 fxg6 22. Nh2 h5 23. Nxg4 hxg4 24. Qxg4 Qe8 25. Rf3 Nd7 26. Qh4 Qd8 27. Qg4 Qe8 28. Qh4 Qe5 29. Rh3 Nf8 30. Rf1 Re8 31. c4 Qe7 32. Qf2 Nd7 33. b3 Ne5 34. Qh4 Qxh4 35. Rxh4 a6 36. Rd1 Rf8 37. Rf4 Rb8 38. Kf1 Bh6 39. Rf6 Ng4 40. Rxg6+ 1-0

[Event "IM Marmaris Karia IX 2019"]
[Site "Marmaris"]
[Date "2019.08.24"]
[Round "6.3"]
[White "Papenin, Nikolai"]
[Black "Kizilkus, Akin"]
[Result "1/2-1/2"]
[ECO "E70"]
[WhiteElo "2319"]
[BlackElo "2135"]
[Annotator "NA"]
[PlyCount "85"]
[EventDate "2019.08.24"]
[EventType "schev"]
[EventCountry "TUR"]
[SourceTitle "playchess.com"]
[Source "ChessBase"]
[SourceQuality "1"]
[TimeControl "5400+30"]

1. d4 Nf6 2. c4 g6 3. Nc3 Bg7 4. e4 d6 5. Bd3 O-O 6. Nge2 Nc6 7. O-O Nh5 8. Bc2 e5 9. d5 Ne7 10. a4 c5 11. dxc6 bxc6 12. b3 Qc7 13. Ba3 Rd8 14. Qd2 Be6 $11 15. Rad1 Nc8 16. h3 Nf4 17. Nxf4 exf4 18. Qd3 Be5 19. Qf3 Ne7 20. Ne2 g5 21. Nd4 Bc8 22. Qh5 f6 23. b4 Ng6 24. Rd2 Bxd4 25. Rxd4 Ne5 26. c5 Be6 27. Rfd1 dxc5 28. bxc5 Rxd4 29. Rxd4 Rd8 30. Rd6 Rxd6 31. cxd6 Qd7 32. Bc5 f3 33. Qh6 Qf7 34. Bd4 Ng6 35. g3 Bc8 36. e5 fxe5 37. Bxg6 Qxg6 38. Qxg6+ hxg6 39. Bxa7 Kf7 40. g4 Ke6 41. Bb8 Ba6 42. d7 Kxd7 43. Bxe5 1/2-1/2